 Dungeon Crawl Stone Soup version 0.31.0-11-ge490571c62 (webtiles) character file.

Game seed: 8682202083798548446

2059 ces the Skirmisher (level 9, -7/41 HPs)
             Began as a Spriggan Hunter on Jan 30, 2024.
             Was an Initiate of Gozag.
             Mangled by a killer bee (8 damage)
             ... on level 8 of the Dungeon.
             The game lasted 00:18:03 (5968 turns).

ces the Skirmisher (Spriggan Hunter)                Turns: 5968, Time: 00:18:04

Health: -7/41      AC:  3    Str:  5 (6)  XL:     9   Next: 5%
Magic:  10/10      EV: 18    Int:  7 (10) God:    Gozag
Gold:   24         SH:  5    Dex: 24 (26) Spells: 8/8 levels left

rFire   + . .        a - +0 shortbow
rCold   + . .        (shield currently unavailable)
rNeg    . . .        c - +1 robe
rPois   +            (helmet restricted)
rElec   +            (no cloak)
rCorr   +            (gloves unavailable)
SInv    +            (boots unavailable)
Will    +....        n - amulet of reflection
Stlth   ++           s - ring of flight
HPRegen 0.26/turn    z - ring of poison resistance
MPRegen 0.12/turn

%: reflection
@: resistant, on berserk cooldown, flying, slowed, quick
A: very small, no large weapons, unfitting armour, see invisible, speed 3, agile
1, deterioration 1
a: Renounce Religion, Potion Petition, Call Merchant, Bribe Branch


You were on level 8 of the Dungeon.
You worshipped Gozag.
Gozag was noncommittal.
You visited 2 branches of the dungeon, and saw 10 of its levels.

You collected 520 gold pieces.
You paid 496 gold pieces to Gozag.

Inventory:

Hand Weapons
 a - a +0 shortbow (weapon)
Armour
 c - a +1 robe (worn)
Jewellery
 n - an amulet of reflection (around neck)
 s - a ring of flight (left hand)
 z - a ring of poison resistance (right hand)
Wands
 v - a wand of roots (8)
Scrolls
 d - a scroll of noise
 h - 2 scrolls of vulnerability
 i - a scroll of enchant armour
 p - a scroll of poison
 q - a scroll of immolation
 t - a scroll of silence {unknown}
 w - a scroll of amnesia {unknown}
Potions
 j - a potion of attraction


   Skills:
 - Level 1.5 Fighting
 + Level 12.5 Ranged Weapons
 + Level 2.6 Dodging
 + Level 1.5 Stealth


You had 8 spell levels left.
You didn't know any spells.
Your spell library contained the following spells:

 Spells                   Type           Power      Damage    Failure   Level
 Blink                    Tloc           0%         N/A       56%         2
 Lesser Beckoning         Tloc           0%         N/A       56%         2
 Momentum Strike          Conj/Tloc      0%         3d8       56%         2
 Fugue of the Fallen      Necr           0%         N/A       80%         3
 Ozocubu's Armour         Ice            0%         N/A       80%         3
 Volatile Blastmotes      Fire/Tloc      0%         2d10      80%         3
 Fulminant Prism          Conj/Alch      0%         3d5       99%         4
 Iskenderun's Mystic Bla  Conj/Tloc      0%         2d3       99%         4
 Manifold Assault         Tloc           0%         N/A       99%         4
 Borgnjor's Vile Clutch   Necr/Erth      0%         N/A       100%        5
 Death Channel            Necr           0%         N/A       100%        6
 Animate Dead             Necr           Unusable   N/A       N/A         4

Dungeon Overview and Level Annotations

Branches:
Dungeon (9/15)             Temple (1/1) D:5
   Lair: D:8-11         Orc: D:9-12

Altars:
Ashenzari
Cheibriados
Dithmenos
Elyvilon
Fedhas
Gozag
Hepliaklqana
Kikubaaqudgha
Nemelex Xobeh
Okawaru
Ru
Sif Muna
Uskayaw
Wu Jian
Xom
Yredelemnul
Zin
The Shining One

Annotations:
D:5 Grinder
D:9 Erica, Harold, Maurice


Innate Abilities, Weirdness & Mutations

You are very small and have problems with some larger weapons.
You are too small for most types of armour.
You have supernaturally acute eyesight. (SInv)
You cover ground extremely quickly. (Speed+++)
You are agile. (Dex +4, Str/Int -1)
Your body sometimes deteriorates upon taking damage.


Message History

You block the killer bee's attack.
The killer bee attacks as it pursues you!
The killer bee stings you.
Your body deteriorates!
You feel dopey. The killer bee stings you!
You are poisoned.
The killer bee poisons you!
You feel sick.
The killer bee attacks as it pursues you!
The killer bee misses you.
You feel sick.
Found 6 poisoned darts.
You feel sick.
The killer bee attacks as it pursues you!
The killer bee stings you.
* * * LOW HITPOINT WARNING * * *
You feel sick.
You feel protected.
You feel sick. The killer bee stings you.
* * * LOW HITPOINT WARNING * * *
The killer bee closely misses you.
A red film seems to cover your vision as you go berserk!
You feel yourself moving faster!
You feel mighty!
You feel sick. The killer bee closely misses you.
You block the killer bee's attack.
You feel a strong urge to attack something.
You feel sick.
You feel your anger nearly subside.
You are no longer berserk.
You are exhausted.
You feel yourself slow down.
You feel sick.
As you read the scroll labelled FONUPISIAGH, it crumbles to dust.
It is a scroll of brand weapon.
Okay, then.
You feel a little less clever now.
* * * LOW HITPOINT WARNING * * *
You feel sick.
You are no longer poisoned.
The killer bee closely misses you. The killer bee stings you!
You die...
Your body crumbles into a pile of gold.

##############
#.@y...S.....#
#(##########.#
#. ##.######
#. #.......#
.. #..####.#
#. #.S####.#
#. #.....Y..
..
#####.##..S..
.........##..


You could see a water moccasin and a killer bee.

Vanquished Creatures
  Maggie (D:6)
  Duvessa (D:4)
  2 sky beasts
  An ogre (D:6)
  3 centaurs
  A kobold brigand (D:4)
  A gnoll sergeant (D:7)
  3 scorpions
  Dowan (D:4)
  2 killer bees (D:9)
  A howler monkey (D:5)
  A bombardier beetle (D:5)
  A jelly (D:6)
  2 orc priests
  6 hounds
  4 iguanas
  An orc wizard (D:3)
  Robin (D:4)
  9 gnolls
  7 adders
  2 white imps (D:6)
  3 dart slugs
  4 ribbon worms
  10 orcs
  9 bats
  3 endoplasms
  4 giant cockroaches
  10 goblins
  10 hobgoblins
  4 quokkas
  5 ball pythons
  3 frilled lizards
  17 kobolds
  7 rats
140 creatures vanquished.

Notes
Turn   | Place    | Note
-------+----------+-------------------------------------------
     0 | D:1      | ces the Spriggan Hunter began the quest for the Orb.
     0 | D:1      | Reached XP level 1. HP: 10/10 MP: 2/2
    93 | D:1      | Reached XP level 2. HP: 14/14 MP: 3/3
   414 | D:1      | Reached skill level 5 in Ranged Weapons
   436 | D:1      | Reached XP level 3. HP: 18/18 MP: 4/4
   874 | D:2      | Found a basalt altar of Yredelemnul.
  1610 | D:3      | Reached XP level 4. HP: 22/22 MP: 5/5
  1896 | D:3      | Reached skill level 6 in Ranged Weapons
  1971 | D:3      | Found a hazy altar of Hepliaklqana.
  2110 | D:4      | Found a snail-covered altar of Cheibriados.
  2158 | D:4      | Reached XP level 5. HP: 18/25 MP: 6/6
  2225 | D:4      | Noticed Robin
  2286 | D:4      | Killed Robin
  2402 | D:4      | Reached skill level 7 in Ranged Weapons
  2509 | D:4      | Reached XP level 6. HP: 22/30 MP: 7/7
  2595 | D:4      | Noticed Duvessa
  2660 | D:4      | Killed Duvessa
  2669 | D:4      | Reached skill level 8 in Ranged Weapons
  2690 | D:4      | Noticed Dowan
  2732 | D:4      | Killed Dowan
  3100 | D:5      | Entered Level 5 of the Dungeon
  3134 | D:5      | Reached XP level 7. HP: 33/33 MP: 8/8
  3221 | D:4      | Reached skill level 9 in Ranged Weapons
  3589 | D:5      | Found an ancient bone altar of Kikubaaqudgha.
  3610 | D:5      | Found a staircase to the Ecumenical Temple.
  3627 | Temple   | Entered the Ecumenical Temple
  3777 | Temple   | Became a worshipper of Gozag Ym Sagoz the Greedy
  4103 | D:5      | Found a glowing silver altar of Zin.
  4110 | D:5      | Noticed Grinder
  4383 | D:6      | Reached skill level 10 in Ranged Weapons
  4383 | D:6      | Reached XP level 8. HP: 29/37 MP: 9/9
  4696 | D:6      | Found a sacrificial altar of Ru.
  4722 | D:6      | Noticed Maggie
  4805 | D:6      | Killed Maggie
  4806 | D:6      | Reached skill level 11 in Ranged Weapons
  5265 | D:7      | Reached skill level 12 in Ranged Weapons
  5403 | D:7      | Gained mutation: Your body sometimes deteriorates upon
                  | taking damage. [potion of mutation]
  5403 | D:7      | Gained mutation: You are agile. (Dex +4, Str/Int -1)
                  | [potion of mutation]
  5427 | D:7      | You are sucked into a shaft and drop 2 floors!
  5439 | D:9      | Noticed Harold
  5450 | D:9      | Reached XP level 9. HP: 29/41 MP: 10/10
  5839 | D:9      | Noticed Erica
  5884 | D:9      | Noticed Maurice
  5968 | D:8      | HP: 1/41 [poisoned by a killer bee]
  5968 | D:8      | Mangled by a killer bee

Illustrated notes

Levels and vault maps discovered:
D:1:      saegor_arrival_fortress, layout_basic, minmay_misc_feat_alley
D:2:      layout_basic, basic_altar
D:3:      layout_rooms, nicolae_hepliaklqana_hazy_memory, serial_aquarium,
          aquarium_bridge_square [aquarium_subvault_bridge,
          aquarium_subvault_wall, aquarium_subvault_wall,
          aquarium_subvault_bridge], aquarium_bridge_island_large
          [aquarium_subvault_large_4_pools, aquarium_subvault_balcony,
          aquarium_subvault_wall, aquarium_subvault_bridge,
          aquarium_subvault_bridge], aquarium_window_1, aquarium_window_1,
          aquarium_window_2, aquarium_view_2b
D:4:      layout_basic, lemuel_tele_altar, nicolae_overflow_hidden_temple,
          serial_glass, glass_columns_b, glass_columns_a, uniq_robin,
          uniq_duvessa
D:5:      kennysheep_spiral_hall, layout_cave_pools, zin_treasury,
          nicolae_kikubaaqudgha_miasma_corner, minmay_temple_entry_trees,
          uniq_sigmund, uniq_grinder
D:6:      layout_loops_cross, kennysheep_mini_moat, uniq_maggie
D:7:      layout_loops_ring, trog_butcher_becter, makhleb_grotto_becter
D:8:      layout_loops_ring, erik_lair_orcish_takeover, chequers_arboretum
D:9:      layout_cross, uniq_harold, uniq_erica, uniq_maurice
Temple:   oiseaux_autumnal_temple

Skill      XL: |  1  2  3  4  5  6  7  8 |
---------------+-------------------------+-----
Ranged Weapons | 5 6 7 8 10 12 | 12.5
Fighting       | |  1.5
Dodging        | |  2.6
Stealth        | |  1.5

Action                     |  1- 3 |  4- 6 |  7- 9 || total
---------------------------+-------+-------+-------++-------
  Melee: Shortbow          |       |       |     1 ||     1
   Fire: Shortbow          |   138 |   187 |   297 ||   622
 Invoke: Potion Petition   |       |       |     1 ||     1
  Evoke: Wand              |       |       |     7 ||     7
    Use: Scroll            |     2 |     3 |    11 ||    16
         Potion            |       |     1 |    12 ||    13
 Armour: Robe              |    18 |    18 |    75 ||   111
  Dodge: Dodged            |    30 |    44 |   157 ||   231
  Block: Other             |       |       |    28 ||    28
         Reflection        |       |       |     2 ||     2
